 Dungeon Crawl Stone Soup version 0.16.0-8-gd9ae3a8 (webtiles) character file.

6230 Ololoev the Destroyer (level 10, -5/56 HPs)
             Began as an Octopode Fire Elementalist on Mar 16, 2015.
             Was an Elder of Vehumet.
             Slain by a yak (11 damage)
             ... on level 9 of the Dungeon.
             The game lasted 00:46:48 (13886 turns).

Ololoev the Destroyer (Octopode Fire Elementalist) Turns: 13886, Time: 00:46:48

Health: -5/56      AC:  4    Str:  7    XL:     10   Next: 92%
Magic:  15/21      EV: 12    Int: 22    God:    Vehumet [****..]
Gold:   191        SH:  0    Dex: 12    Spells: 3 memorised, 8 levels left

rFire  . . .     SeeInvis .     g - +8 hand axe
rCold  . . .     Clarity  .     (no shield)
rNeg   . . .     SustAb   .     (helmet restricted)
rPois  .         Gourm    .     u - amulet of inaccuracy (curse)
rElec  .         Spirit   .     l - +3 ring of protection
rCorr  .         Warding  .     r - ring of teleportation (curse)
rMut   .         Rnd*Tele +     p - ring of wizardry
MR     .....                    (no ring)
Stlth  +++.......               (no ring)
                                (no ring)
                                (no ring)
                                (no ring)

@: not resistant to hostile enchantments, fairly stealthy
A: almost no armour, amphibious, 8 rings, constrict 8, camouflage 1, gelatinous
body 1
a: Renounce Religion, Evoke Teleportation


You were on level 9 of the Dungeon.
You worshipped Vehumet.
Vehumet was greatly pleased with you.
You were not hungry.

You visited 2 branches of the dungeon, and saw 10 of its levels.

You collected 373 gold pieces.
You spent 182 gold pieces at shops.

Notes
Turn   | Place    | Note
--------------------------------------------------------------
     0 | D:1      | Ololoev, the Octopode Fire Elementalist, began the quest for the Orb.
     0 | D:1      | Reached XP level 1. HP: 11/11 MP: 3/3
    16 | D:1      | Found a sparkling altar of Nemelex Xobeh.
   442 | D:1      | Reached XP level 2. HP: 17/17 MP: 2/4
   740 | D:1      | Reached XP level 3. HP: 18/21 MP: 3/6
  1001 | D:1      | Learned a level 3 spell: Conjure Flame
  1609 | D:2      | Reached XP level 4. HP: 25/27 MP: 3/7
  1807 | D:2      | Noticed Sigmund
  2300 | D:2      | Noticed Crazy Yiuf
  2633 | D:3      | Found a stormy altar of Qazlal.
  2638 | D:3      | Reached skill level 4 in Fire Magic
  2696 | D:3      | Found a blossoming altar of Fedhas.
  2762 | D:3      | Reached XP level 5. HP: 31/31 MP: 7/9
  2900 | D:3      | Found a radiant altar of Vehumet.
  2956 | D:3      | Became a worshipper of Vehumet
  3480 | D:4      | Noticed Blackbelt's ghost (experienced DsGl)
  3694 | D:4      | Found a shattered altar of Ashenzari.
  3878 | D:4      | Found a deep blue altar of Sif Muna.
  3912 | D:4      | Noticed Eustachio
  3924 | D:4      | Killed Eustachio
  3924 | D:4      | Reached XP level 6. HP: 31/36 MP: 2/10
  4010 | D:4      | Noticed a phantom
  4204 | D:3      | Killed a phantom
  4204 | D:3      | Reached skill level 5 in Conjurations
  4607 | D:4      | Reached skill level 5 in Fire Magic
  4762 | D:5      | Entered Level 5 of the Dungeon
  4766 | D:5      | Acquired Vehumet's first power
  4766 | D:5      | Offered knowledge of Magic Dart by Vehumet.
  4983 | D:5      | Found a blossoming altar of Fedhas.
  5047 | D:5      | Found Afipub's Assorted Antiques.
  5247 | D:5      | Reached XP level 7. HP: 41/41 MP: 3/12
  5397 | D:5      | Reached skill level 6 in Conjurations
  6098 | D:5      | Bought a large coral ring for 130 gold pieces
  6098 | D:5      | Bought a scroll of identify for 52 gold pieces
  6337 | D:5      | Learned a level 5 spell: Fireball
  6714 | D:6      | Reached XP level 8. HP: 35/46 MP: 0/13
  6885 | D:6      | Reached skill level 7 in Conjurations
  7334 | D:6      | Offered knowledge of Searing Ray by Vehumet.
  7876 | D:6      | Reached skill level 8 in Conjurations
  8248 | D:7      | Reached XP level 9. HP: 24/51 MP: 14/14
  8557 | D:7      | Found a staircase to the Ecumenical Temple.
  8557 | D:7      | Noticed Pikel
  8557 | D:7      | Noticed Ijyb
  8565 | Temple   | Entered the Ecumenical Temple
  8603 | D:7      | Killed Ijyb
  8632 | D:7      | Killed Pikel
  8632 | D:7      | Reached skill level 9 in Conjurations
  8785 | D:7      | Found a sparkling altar of Nemelex Xobeh.
  8859 | D:7      | Noticed Blork the orc
  8868 | D:7      | Killed Blork the orc
  8869 | D:7      | Offered knowledge of Stone Arrow by Vehumet.
 10112 | D:8      | Acquired Vehumet's second power
 10398 | D:8      | Reached skill level 10 in Conjurations
 10656 | D:8      | Reached XP level 10. HP: 50/56 MP: 16/16
 10965 | D:8      | Offered knowledge of Airstrike by Vehumet.
 11376 | D:8      | Reached skill level 10 in Fire Magic
 11397 | D:8      | Found a white marble altar of Elyvilon.
 11399 | D:8      | Found a basalt altar of Yredelemnul.
 12341 | D:9      | Found a staircase to the Lair.
 12490 | D:9      | Acquired Vehumet's third power
 12828 | D:9      | Reached skill level 11 in Conjurations
 13154 | D:9      | Offered knowledge of Olgreb's Toxic Radiance by Vehumet.
 13886 | D:9      | Slain by a yak

Inventory:

Hand weapons
 g - a +8 hand axe (weapon)
Jewellery
 a - an uncursed amulet of stasis
 l - a +3 ring of protection (left tentacle)
 p - a ring of wizardry (on tentacle)
 r - a cursed ring of teleportation (right tentacle)
 u - a cursed amulet of inaccuracy (around mantle)
 w - an uncursed amulet of resist corrosion {unknown}
Magical devices
 f - a wand of draining (3)
 q - a wand of paralysis (3)
Scrolls
 e - a scroll of immolation
 k - 2 scrolls of recharging
Potions
 d - a potion of poison {unknown}
 h - a potion of beneficial mutation
 i - a potion of brilliance
 j - 4 potions of curing
 m - a potion of restore abilities
 s - a potion of agility
 v - a potion of experience {unknown}
 z - a potion of ambrosia
 C - a potion of might
 D - a potion of magic
Books
 b - a book of Flames

   Spells                             Type                      Level
   a - Flame Tongue                   Conjuration/Fire             1
   b - Throw Flame                    Conjuration/Fire             2
   c - Conjure Flame                  Conjuration/Fire             3
   d - Inner Flame                    Hexes/Fire                   3
   e - Sticky Flame                   Conjuration/Fire             4
   f - Fireball                       Conjuration/Fire             5
Comestibles
 c - 10 bread rations
 n - 3 slices of pizza
 o - a meat ration
 t - 7 beef jerkies

Table legend:
 A = Turns spent in this place as a percentage of turns spent in the entire game.
 B = Non-inter-level travel turns spent in this place as a percentage of non-inter-level travel turns spent in the entire game.
 C = Inter-level travel turns spent in this place as a percentage of turns spent in this place.
 D = Turns resting spent in this place as a percentage of non-inter-level travel turns spent in this place.
 E = Turns spent auto-exploring this place as a percentage of non-inter-level travel turns spent in this place.
 F = Non-inter-level travel turns spent in this place divided by the number of levels of this place that you've seen.
                   A       B       C       D       E      F
               +-------+-------+-------+-------+-------+----------------------
         Total | 100.0 | 100.0 |   0.6 |   9.6 |  10.3 | 329.0
       Dungeon |  99.1 |  99.1 |   0.6 |   9.7 |  10.4 | 362.1
        Temple |   0.9 |   0.9 |   0.0 |   0.0 |   0.0 |  31.0
               +-------+-------+-------+-------+-------+----------------------


   Skills:
 - Level 2.0 Dodging
 - Level 2.6 Stealth
 * Level 4.2 Spellcasting
 + Level 11.3 Conjurations
 + Level 11.0 Fire Magic


You had 8 spell levels left.
You knew the following spells:

 Your Spells              Type           Power        Failure   Level  Hunger
a - Flame Tongue          Conj/Fire      #####        1%          1    None
b - Conjure Flame         Conj/Fire      ######..     1%          3    ##.....
c - Fireball              Conj/Fire      ######....   1%          5    ######.


Dungeon Overview and Level Annotations

Branches:
Dungeon (9/15)             Temple (1/1) D:7            Lair (0/8) D:9
    Orc: D:9-12

Altars:
Ashenzari
Cheibriados
Dithmenos
Elyvilon
Fedhas
Gozag
Kikubaaqudgha
Makhleb
Nemelex Xobeh
Okawaru
Qazlal
Ru
Sif Muna
Trog
Vehumet
Xom
Yredelemnul
Zin
The Shining One

Shops:
D:5 *

Annotations:
D:2 Crazy Yiuf, Sigmund
D:4 exclusion: door, Blackbelt's ghost, experienced DsGl


Innate Abilities, Weirdness & Mutations

You cannot wear most types of armour.
You are amphibious.
You can wear up to eight rings at the same time.
You can use your tentacles to constrict many enemies at once.
Your skin changes colour to match your surroundings (Stealth).
Your rubbery body absorbs attacks (AC +1).


Message History

Confirm with . or Enter, or press ? or * to list all spells.
Aiming: Flame Tongue
Press: ? - help, Shift-Dir - straight line, f - yak
Aim: a yak (severely wounded)
The flame tongue hits the yak.
The yak appears unharmed.
The yak is severely wounded.
A yak comes into view.
Casting: Flame Tongue
Confirm with . or Enter, or press ? or * to list all spells.
Aiming: Flame Tongue
Press: ? - help, Shift-Dir - straight line, f/p - yak
Aim: a yak (severely wounded)
The flame tongue hits the yak.
The yak is severely wounded.
You closely miss the yak.
The yak is severely wounded.
The yak gores you.
You closely miss the yak.
The yak is severely wounded.
The yak gores you. The yak barely misses you.
Eat which item? (? for menu, Esc to quit)
The yak barely misses you.
That beef jerky was delicious!
You slash the yak!!
You kill the yak!
Vehumet accepts your kill.
You feel your power returning.
You hit the yak!
The yak is moderately wounded.
The yak barely misses you.
You slash the yak!!
The yak is heavily wounded.
You closely miss the yak.
The yak is moderately wounded.
The yak gores you but does no damage. The yak gores you! The yak gores you.
You hit the yak!
The yak is almost dead.
You hit the yak.
The yak is moderately wounded.
The yak gores you! x3
You die...

<.............. ...
................. ...
.................. .
..................
..................
................. ...............
.......YY........
################@#######
.........................
........................
###....##########################
..#..............................
..#..............................
(.#..............................
#################################


You could see 2 yaks.

Table legend:
 A = Kills in this place as a percentage of kills in entire the game.
 B = Kills by you in this place as a percentage of kills by you in the entire game.
 C = Kills by friends in this place as a percentage of kills by friends in the entire game.
 D = Other kills in this place as a percentage of other kills in the entire game.
 E = Experience gained in this place as a percentage of experience gained in the entire game.
 F = Experience gained in this place divided by the number of levels of this place that you have seen.
                   A       B       C       D       E      F
               +-------+-------+-------+-------+-------+----------------------
         Total | 100.0 | 100.0 |  -nan |  -nan | 100.0 | 890.0
       Dungeon | 100.0 | 100.0 |  -nan |  -nan | 100.0 | 988.9
               +-------+-------+-------+-------+-------+----------------------

Vanquished Creatures
  Pikel (D:7)
  2 trolls (D:9)
  Eustachio (D:4)
  2 yaks (D:9)
  4 wolves (D:9)
  A hungry ghost (D:8)
  3 orc warriors
  4 phantoms
  3 centaurs
  7 ogres
  A crocodile (D:9)
  A big kobold (D:7)
  Blork the orc (D:7)
  An elf skeleton (D:8)
  4 giant frogs
  A scorpion (D:6)
  A water moccasin skeleton (D:9)
  8 killer bees (D:9)
  3 wights (D:6)
  2 goliath beetles
  3 crimson imps
  A centaur zombie (D:8)
  2 orc priests
  5 jellies
  5 electric eels (D:9)
  2 giant frog skeletons
  7 hounds
  2 centaur skeletons (D:7)
  10 orc wizards
  3 worker ants
  3 iguanas
  Ijyb (D:7)
  A hound skeleton (D:8)
  A worker ant zombie (D:6)
  4 gnolls
  10 adders
  6 shadow imps
  An adder zombie (D:5)
  2 adder skeletons (D:7)
  5 giant geckos
  2 oozes
  31 orcs
  13 bats
  2 bat skeletons
  16 hobgoblins
  18 jackals
  5 quokkas
  A ball python (D:2)
  4 giant cockroaches
  A giant cockroach zombie (D:6)
  5 giant newts
  3 giant spores (D:7)
  12 goblins
  18 kobolds
  A quokka skeleton (D:5)
  12 rats
  38 ballistomycetes (D:7)
307 creatures vanquished.

Vanquished Creatures (others)
  A hound skeleton (D:7)
  A giant gecko (D:7)
  2 giant spores (D:7)
4 creatures vanquished.

Grand Total: 311 creatures vanquished

Action                   |  1- 3 |  4- 6 |  7- 9 | 10-12 || total
-------------------------+-------+-------+-------+-------++-------
Melee: Unarmed           |    17 |    20 |       |       ||    37
       Hand axe          |       |     1 |   243 |    96 ||   340
 Cast: Flame Tongue      |    48 |   103 |   104 |    36 ||   291
       Conjure Flame     |     1 |     9 |    15 |     2 ||    27
       Fireball          |       |       |    12 |    39 ||    51
 Abil: Evoke Teleportati |       |     1 |       |       ||     1
Evoke: Wand              |       |       |     6 |       ||     6
  Use: Scroll            |       |    13 |     7 |     8 ||    28
       Potion            |       |     2 |     1 |     1 ||     4
 Stab: Sleeping          |       |     2 |     5 |       ||     7
       Paralysed         |       |       |     2 |       ||     2
       Distracted        |       |       |       |     1 ||     1
  Eat: Chunk             |     3 |     9 |    13 |    15 ||    40
       Meat ration       |       |     1 |     2 |     1 ||     4
       Fruit             |       |       |     1 |     2 ||     3
       Beef jerky        |       |       |     1 |     1 ||     2

Vault maps used:
D:1:      minmay_arrival_doors, minivault_11, nemelex_xobeh_ov_fountains_minmay
D:2:      uniq_crazy_yiuf_cottage, uniq_sigmund
D:3:      grunt_temple_overflow_forces_of_nature, fiery_altar_vehumet
D:4:      corexii_shack_village, kennysheep_little_box, first_bread,
          led_sif_book, uniq_eustachio, uniq_prince_ribbit1
D:5:      serial_shops, nicolae_shop_window_shopping, fedhas_altar_2
D:7:      kennysheep_mini, temple_pool_a, uniq_pikel, uniq_iyjb,
          uniq_blork_the_orc
D:8:      nicolae_overflow_hidden_temple, grunt_ogre_cave
D:9:      erik_lair_island
Temple:   temple_eino_lava_12
